 Dungeon Crawl Stone Soup version 0.12.2-12-gd1dd697 (webtiles) character file.

253 Haza the Gusty (level 4, -2/30 HPs)
             Began as a Vampire Air Elementalist on July 22, 2013.
             Killed from afar by an orc wizard (5 damage)
             ... with a puff of frost
             ... on Level 2 of the Dungeon.
             The game lasted 00:08:07 (4061 turns).

Haza the Gusty (Vampire Air Elementalist)           Turns: 4061, Time: 00:08:07

HP  -2/30        AC  0     Str  3      XL: 4   Next: 85%
MP   1/9         EV 21     Int 17      God:
Gold 126         SH  0     Dex 19      Spells:  1 memorised,  6 levels left

Res.Fire  : . . .   See Invis. : +   l - melded +0,+2 short sword
Res.Cold  : + . .   Warding    : .   a - melded +0 robe
Life Prot.: + + .   Conserve   : .   (shield currently unavailable)
Res.Poison: +       Res.Corr.  : .   (helmet currently unavailable)
Res.Elec. : .       Clarity    : .   (cloak currently unavailable)
Sust.Abil.: . .     Spirit.Shd : .   (gloves currently unavailable)
Res.Mut.  : .       Stasis     : .   k - melded +0 pair of boots (curse)
Res.Rott. : +       Ctrl.Telep.: .   (no amulet)
Saprovore : . . .   Flight     : +   (ring currently unavailable)
                                     (ring currently unavailable)

@: bat-form, regenerating slowly, flying, very slightly contaminated, very
quick, slightly resistant to hostile enchantments, quite stealthy
A: (fangs 0), see invisible, (unbreathing)
a: End Transformation


You were on level 2 of the Dungeon.
You were very thirsty.
You were in vampire bat-form.
You visited 1 branch of the dungeon, and saw 3 of its levels.

You collected 106 gold pieces.

Inventory:

Hand weapons
 l - a +0,+2 short sword (melded)
Armour
 a - a +0 robe (melded)
 k - a cursed +0 pair of boots (melded)
Comestibles
 f - a rambutan
 i - 2 pears
 n - a bread ration
Scrolls
 d - a scroll of enchant weapon II {unknown}
 e - 2 scrolls of remove curse {unknown}
 g - 2 scrolls of identify {unknown}
 h - a scroll of random uselessness {unknown}
 j - 3 scrolls of teleportation
 m - a scroll of curse armour {unknown}
 p - a scroll of fog
Potions
 o - a potion of restore abilities
Books
 b - a book of Air

   Spells                             Type                      Level
   *Shock                             Conjuration/Air              1
   Swiftness                          Charms/Air                   2
   Repel Missiles                     Charms/Air                   2
   Flight                             Charms/Air                   3
   Static Discharge                   Conjuration/Air              3
   Lightning Bolt                     Conjuration/Air              5


   Skills:
 + Level 3.1 Dodging
 + Level 3.4 Stealth
 + Level 0.7 Unarmed Combat
 + Level 2.4 Spellcasting
 + Level 1.2 Conjurations
 + Level 3.9 Air Magic


You had 6 spell levels left.
You knew the following spells:

 Your Spells              Type           Power        Failure   Level  Hunger
a - Shock                 Conj/Air       ###..        24%         1    #......


Dungeon Overview and Level Annotations

Branches:
Dungeon (3/27)

Altars:
Trog


Innate Abilities, Weirdness & Mutations

You heal slowly.
((You have razor-sharp teeth.))*
You have supernaturally acute eyesight.
((You can survive without breathing.))*


Message History

Unknown command.
Unknown command.
Unknown command.
Unknown command.
Unknown command.
Unknown command.
Unknown command.
Unknown command.
Use which ability? (? or * to list)
You turn into a vampire bat.
Your uncursed short sword melds into your body.
Your cursed +0 pair of boots melds into your body.
Your +0 robe melds into your body.
The orc wizard gestures at you while chanting.
The magic dart hits you!
* * * LOW HITPOINT WARNING * * *
The orc wizard misses you. The orc wizard casts a spell at you.
The puff of frost hits you! You resist.
You die...

...#.................#
####.#..##.#####.#########
#.#>..................# #
#.#..........>#######.# #
#.#...#######.# #.# #
#.#...# #.# #.# # #.#...#
#o# #.# # #.#...# #.# #.# #
#.#...# #b# #.# # #.#...#
#.# #.# ####.#%..# #.# #.#
.....#...# #.# #.#
######...# #.# #.#
.........#######.#######.##
######.#.#................#
.........#.#####.##########
######.###.# #.#


You could see an orc wizard.

Vanquished Creatures
  An orc wizard (D:3)
  5 adders
  2 orcs (D:3)
  7 bats
  5 giant cockroaches
  8 hobgoblins
  A quokka (D:2)
  A giant gecko (D:1)
  3 giant newts
  6 goblins
  7 jackals
  3 kobolds
  5 rats (D:1)
54 creatures vanquished.

Vanquished Creatures (others)
  A rat (D:2)
1 creature vanquished.

Grand Total: 55 creatures vanquished

Notes
Turn   | Place    | Note
--------------------------------------------------------------
     0 | D:1      | Haza, the Vampire Air Elementalist, began the quest for the Orb.
     0 | D:1      | Reached XP level 1. HP: 13/13 MP: 4/4
   692 | D:1      | Reached XP level 2. HP: 8/19 MP: 1/5
  1724 | D:1      | Reached XP level 3. HP: 7/24 MP: 1/7
  2162 | D:2      | Reached skill level 1 in Conjurations
  2875 | D:2      | Reached XP level 4. HP: 30/30 MP: 6/8
  3258 | D:3      | Found a bloodstained altar of Trog.
  4061 | D:2      | Killed from afar by an orc wizard

Action                   |  1- 3 |  4- 6 || total
-------------------------+-------+-------++-------
Melee: Unarmed           |    67 |       ||    67
       Short sword       |       |    12 ||    12
 Cast: Shock             |    90 |    44 ||   134
 Abil: Bat Form          |       |     1 ||     1
  Use: Potion            |     4 |     2 ||     6
       Scroll            |     3 |     1 ||     4
